 Dungeon Crawl Stone Soup version 0.29-a0-789-g7a8fcbc185 (webtiles) character file.

Game seed: 9639315684884931301

3378 Zonian the Spear-Bearer (level 9, 0/53 (57) HPs)
             Began as a Demonspawn Ice Elementalist on July 2, 2022.
             Was a Follower of Okawaru.
             Slain by Duvessa
             ... wielding a +4 short sword of draining
              (3 damage)
             ... on level 7 of the Dungeon.
             The game lasted 00:24:44 (11493 turns).

Zonian the Spear-Bearer (DsIE)                     Turns: 11493, Time: 00:24:48

HP:   0/53 (57)     AC:  6    Str: 14    XL:     9   Next: 74%
MP:   14/16         EV: 12    Int: 17    God:    Okawaru [*.....]
Gold: 461           SH:  0    Dex: 18    Spells: 10/17 levels left

rFire   + . .      SeeInvis +   k - +3 demon trident (elec)
rCold   . . .      Faith    .   (no shield)
rNeg    . . .      Spirit   .   y - +0 robe of Happiness {+Inv Str+4 Dex+2 SInv}
rPois   .          Reflect  .   (helmet restricted)
rElec   .          Harm     .   (no cloak)
rCorr   .          Rampage  .   (no gloves)
Will    .....                   J - +0 pair of boots
Stlth   ++........              f - amulet of the acrobat
HPRegen 0.17/turn               j - ring of protection from fire
MPRegen 0.15/turn               (no ring)

@: mighty, drained
A: antennae 1, yellow scales 2, foul stench 1, powered by death 1
a: Renounce Religion, Evoke Invisibility, Heroism


You were on level 7 of the Dungeon.
You worshipped Okawaru.
Okawaru was aware of your devotion.
You visited 2 branches of the dungeon, and saw 8 of its levels.
You also visited: Sewer.

You collected 461 gold pieces.

Inventory:

Hand Weapons
 k - a +3 demon trident of electrocution (weapon)
 n - a +0 short sword
 r - a +0 short sword of venom
 s - a +1 dagger of draining
 A - a +1 dagger of distortion
 G - a +0 whip of venom
Missiles
 u - 29 poisoned darts
 w - 6 javelins
Armour
 a - a +2 robe
 o - a scarf of invisibility
 y - the +0 robe of Happiness (worn) {+Inv Str+4 Dex+2 SInv}
   (You found it on level 4 of the Dungeon)

   Str:       It affects your strength (+4).
   Dex:       It affects your dexterity (+2).
   SInv:      It lets you see invisible.
   +Inv:      It lets you turn invisible.
 E - the +18 Lear's hauberk
   (You found it on level 5 of the Dungeon)
 J - a +0 pair of boots (worn)
Jewellery
 f - an amulet of the acrobat (around neck)
 j - a ring of protection from fire (left hand)
 l - a ring of protection from fire
Wands
 H - a wand of roots (7)
Scrolls
 b - a scroll of poison
 d - 2 scrolls of amnesia
 h - a scroll of fear
 q - 3 scrolls of fog
 t - 2 scrolls of immolation {unknown}
 v - a scroll of vulnerability {unknown}
 x - a scroll of enchant weapon {unknown}
Potions
 c - 3 potions of might
 e - 7 potions of flight
 g - a potion of invisibility
 i - a potion of heal wounds
 m - 2 potions of curing
 p - a potion of resistance {unknown}
 z - a potion of magic
 B - a potion of berserk rage {unknown}
 D - 3 potions of mutation
 F - a potion of brilliance {unknown}
 I - 2 potions of lignification {unknown}


   Skills:
 + Level 9.9 Polearms
 - Level 1.7 Dodging
 - Level 1.8 Stealth
 - Level 4.9 Spellcasting
 - Level 7.5 Ice Magic


You had 10 spell levels left.
You knew the following spells:

 Your Spells              Type           Power      Damage    Failure   Level
a - Freeze                Ice            100%       1d11      1%          1
b - Frozen Ramparts       Ice            58%        1d7       1%          3
c - Ozocubu's Armour      Ice            29%        N/A       1%          3

Your spell library contained the following spells:

 Spells                   Type           Power      Damage    Failure   Level
 Sting                    Tmut/Pois      16%        1d3       14%         1
 Blink                    Tloc           8%         N/A       22%         2
 Scorch                   Fire           8%         2d5       22%         2
 Hailstorm                Conj/Ice       16%        3d6       30%         4
 Lesser Beckoning         Tloc           4%         N/A       41%         3
 Metabolic Englaciation   Hex/Ice        8%         N/A       65%         5
 Flame Wave               Conj/Fire      4%         2d5       82%         4
 Manifold Assault         Tloc           4%         N/A       99%         5
 Silence                  Hex/Air        2%         N/A       99%         5
 Dragon Form              Tmut           2%         N/A       100%        7
 Summon Cactus Giant      Summ           Unusable   N/A       N/A         6

Dungeon Overview and Level Annotations

Branches:
Dungeon (7/15)             Temple (1/1) D:6           Sewer (visited)

Altars:
Ashenzari
Cheibriados
Dithmenos
Fedhas
Gozag
Hepliaklqana
Kikubaaqudgha
Makhleb
Nemelex Xobeh
Okawaru
Qazlal
Sif Muna
Trog
Uskayaw
Vehumet
Wu Jian
Xom
Yredelemnul

Shops:
D:3 :

Annotations:
D:2 Terence
D:7 Duvessa


Innate Abilities, Weirdness & Mutations

You have a pair of small antennae on your head.
You are mostly covered in yellow scales. (AC +3)
You may rarely emit foul miasma when damaged in melee.
You regenerate a little health from kills.


Message History

You puncture Dowan! Lightning courses through Dowan!
You kill Dowan!
Okawaru accepts your kill.
You hear a distant scream of rage.
Unknown command.
Okay, then.
As you read the scroll labelled GOAFUESCHUXT, it crumbles to dust.
It is a scroll of amnesia.
Really abort (and waste the scroll)?
Okay, then.
Unknown command.
Blink to where?
Press: ? - help, Dir - move target The frozen ramparts melt away as you move.
As you read the scroll labelled ZONIUT KAGONT, it crumbles to dust.
It was a scroll of blinking.
Duvessa goes berserk!
You hear an angry buzzing noise. x2
Unknown command.
Okay, then.
You feel very mighty all of a sudden.
Duvessa hits you with a +4 short sword of draining!
You feel drained.
Unknown command.
Aiming: Fastroot
Press: ? - help, Shift-Dir - straight line, f - Duvessa
Aim: Duvessa, wielding a +4 short sword of draining and wearing a +0 chain mail (berserk, fast)
The roots erupt in riotous growth!
Roots grab Duvessa.
The grasping roots constrict Duvessa.
You hear a loud, deep croak!
A killer bee comes into view.
Duvessa misses you.
You impale Duvessa!!
Duvessa is moderately wounded.
The grasping roots constrict Duvessa.
A killer bee comes into view.
Duvessa hits you with a +4 short sword of draining!!
* * * LOW HITPOINT WARNING * * *
You feel drained.
You die...

##......#..###.##.#.#.....)
#..###y.##.##)###...##.....
### #...##e...####.##....#
#.##..y...#.### ##.#.....
#.......#..# #.#.##.....
....#####..#####
#.##..####. #...........#
#.....# #. .....#.##e##
###..## ##. .|.#.##.#@#
##..###.# #..# ##.##
##....## ##..##########
###### ##..# #...## #.##
#....# #..# ##....## #
######..# #......### ######
#...#...###........###.....
#.....#...##.............


You could see Duvessa (berserk, fast, rooted) and 2 killer bees.

Vanquished Creatures
  Pikel (D:7)
  A kobold demonologist (D:6)
  Grinder (D:6)
  Menkaure (D:6)
  An ice beast (D:7)
  2 black bears
  3 ogres (D:5)
  3 kobold brigands
  A bullfrog (D:7)
  A scorpion (D:5)
  2 necrophages
  2 gnoll sergeants
  Dowan (D:7)
  5 wights (D:6)
  2 howler monkeys (D:7)
  2 hounds
  An orc priest (D:3)
  4 iguanas
  7 orc wizards
  21 gnolls
  6 river rats (Sewer)
  11 adders
  2 shadow imps (D:5)
  2 white imps
  2 worms (D:3)
  A dart slug (D:5)
  31 orcs
  7 bats
  5 endoplasms
  11 giant cockroaches
  4 goblins
  2 hobgoblins
  5 jackals
  5 quokkas
  6 ball pythons
  5 frilled lizards
  14 kobolds
  2 rats
183 creatures vanquished.

Notes
Turn   | Place    | Note
-------+----------+-------------------------------------------
     0 | D:1      | Zonian the Demonspawn Ice Elementalist began the quest for
                  | the Orb.
     0 | D:1      | Reached XP level 1. HP: 13/13 MP: 3/3
   849 | D:2      | Gained mutation: You regenerate a little health from kills.
                  | [demonic ancestry]
   849 | D:2      | Reached XP level 2. HP: 19/19 MP: 3/5
  1063 | D:2      | Noticed Terence
  2386 | D:3      | Gained mutation: You may rarely emit foul miasma when
                  | damaged in melee. [demonic ancestry]
  2386 | D:3      | Reached XP level 3. HP: 19/24 MP: 6/6
  2461 | D:3      | Found a glowing drain.
  2493 | Sewer    | Entered a sewer
  2831 | Sewer    | Learned a level 3 spell: Frozen Ramparts
  2835 | Sewer    | Learned a level 3 spell: Ozocubu's Armour
  3343 | Sewer    | Gained mutation: You are partially covered in yellow
                  | scales. (AC +2) [demonic ancestry]
  3343 | Sewer    | Reached XP level 4. HP: 20/30 MP: 6/8
  4028 | Sewer    | Reached skill level 5 in Ice Magic
  4486 | Sewer    | Gained mutation: You are mostly covered in yellow scales.
                  | (AC +3) [demonic ancestry]
  4486 | Sewer    | Reached XP level 5. HP: 26/35 MP: 6/9
  4973 | D:3      | Found Fakoez Norgh's Vocational Training.
  5446 | D:3      | Found a hazy altar of Hepliaklqana.
  6223 | D:4      | Reached XP level 6. HP: 35/41 MP: 11/11
  6406 | D:4      | Identified 2 scrolls of acquirement
  6407 | D:4      | Acquired a +3 demon trident of electrocution
  6411 | D:4      | Acquired Zonian's Papyrus of Shape Shifting and the Oath
  6572 | D:4      | Identified the +0 robe of Happiness {+Inv Str+4 Dex+2 SInv}
  7855 | D:5      | Entered Level 5 of the Dungeon
  7916 | D:5      | Gained mutation: You have a pair of small antennae on your
                  | head. [demonic ancestry]
  7916 | D:5      | Reached XP level 7. HP: 38/46 MP: 13/13
  8134 | D:5      | Found the +18 Lear's hauberk
  8775 | D:5      | Reached skill level 1 in Polearms
  9113 | D:5      | Reached skill level 2 in Polearms
  9409 | D:5      | Reached XP level 8. HP: 52/52 MP: 15/15
  9416 | D:5      | Reached skill level 3 in Polearms
  9813 | D:6      | Reached skill level 4 in Polearms
  9835 | D:6      | Noticed a kobold demonologist
  9836 | D:6      | Reached skill level 5 in Polearms
  9838 | D:6      | Noticed a soul eater
  9851 | D:6      | Noticed Menkaure
  9862 | D:6      | Killed Menkaure
  9863 | D:6      | Reached skill level 6 in Polearms
  9962 | D:6      | Killed a kobold demonologist
  9963 | D:6      | Reached skill level 7 in Polearms
  9963 | D:6      | Reached XP level 9. HP: 47/57 MP: 16/16
 10268 | D:6      | Found a staircase to the Ecumenical Temple.
 10277 | Temple   | Entered the Ecumenical Temple
 10734 | Temple   | Became a worshipper of Warmaster Okawaru
 10827 | D:6      | Noticed Grinder
 10833 | D:6      | Killed Grinder
 11143 | D:7      | Reached skill level 8 in Polearms
 11322 | D:7      | Noticed Pikel
 11338 | D:7      | Killed Pikel
 11338 | D:7      | Reached * piety under Okawaru
 11339 | D:7      | Reached skill level 9 in Polearms
 11466 | D:7      | Noticed Duvessa
 11467 | D:7      | Noticed Dowan
 11488 | D:7      | Killed Dowan
 11493 | D:7      | Slain by Duvessa

Illustrated notes

Levels and vault maps discovered:
D:1:      dpeg_arrival_rooms_c, layout_basic
D:2:      layout_basic, uniq_terence
D:3:      layout_basic, mainiacjoe_overflow_24_doors, portal_sewer_entry_f,
          nicolae_shop_vocational
D:4:      layout_loops_corners
D:5:      layout_loops_cross
D:6:      layout_basic, minmay_temple_entry_drinking_statues, uniq_grinder,
          uniq_menkaure
D:7:      layout_layer_cave, nicolae_ru_sacrificial_ziggurat, uniq_pikel,
          uniq_duvessa
Temple:   mainiacjoe_temple_big_plus

Skill      XL: |  1  2  3  4  5  6  7  8  9 |
---------------+----------------------------+-----
Ice Magic      | 4 5 6 7 |  7.5
Spellcasting   | 3 4 |  4.9
Polearms       | 2 7 9 |  9.9
Dodging        | |  1.7
Stealth        | |  1.8

Action                   |  1- 3 |  4- 6 |  7- 9 || total
-------------------------+-------+-------+-------++-------
Melee: Short sword       |    22 |       |       ||    22
       Dagger            |    63 |   143 |       ||   206
       Punch             |     2 |     4 |     2 ||     8
       Demon trident     |       |    28 |   193 ||   221
Throw: Javelin           |       |       |     1 ||     1
       Boomerang         |       |       |     1 ||     1
 Cast: Freeze            |    24 |    29 |       ||    53
       Frozen Ramparts   |       |     6 |    12 ||    18
       Ozocubu's Armour  |       |     1 |     2 ||     3
Evoke: Wand              |       |       |     3 ||     3
  Use: Potion            |       |     1 |     2 ||     3
       Scroll            |       |    14 |     5 ||    19
 Stab: Sleeping          |     3 |     5 |     5 ||    13
       Distracted        |       |       |     1 ||     1
Armor: Robe              |    24 |    59 |    45 ||   128
Dodge: Dodged            |    77 |   154 |   122 ||   353

Table legend: (Time is in decaauts)
 A = Elapsed time spent in this place.
 B = Non-inter-level travel time spent in this place.
 C = Inter-level travel time spent in this place.
 D = Time resting spent in this place.
 E = Time spent auto-exploring this place.
 F = Levels seen in this place.
 G = Mean time per level.
                   A        B        C        D        E       F      G
               +--------+--------+--------+--------+--------+-----+--------+
         Total |  11619 |  11381 |    238 |   4113 |   5225 |   9 | 1291.0 |
       Dungeon |   8559 |   8359 |    200 |   2167 |   4598 |   7 | 1222.7 |
        Temple |    495 |    457 |     38 |      0 |    372 |   1 |  495.0 |
         Sewer |   2564 |   2564 |      0 |   1946 |    255 |   1 | 2564.0 |
               +--------+--------+--------+--------+--------+-----+--------+

Top non-repeatable levels by time:
   Sewer: 2564 daAuts
     D:4: 1904 daAuts
     D:5: 1815 daAuts
     D:2: 1333 daAuts
     D:3: 1259 daAuts
     D:6: 977 daAuts
     D:1: 906 daAuts
  Temple: 495 daAuts
     D:7: 362 daAuts
